 Dungeon Crawl Stone Soup version 0.30-a0-358-g0d69a1922f (webtiles) character file.

Game seed: 5835312467711710070

12 LutherGrant the Trooper (level 2, 23/23 HPs)
             Began as a Vampire Fighter on Nov 8, 2022.
             Quit the game on level 1 of the Dungeon.
             The game lasted 00:00:45 (284 turns).

LutherGrant the Trooper (Vampire Fighter)            Turns: 284, Time: 00:00:45

Health: 23/23      AC:  6    Str: 15    XL:     2   Next: 20%
Magic:  2/2        EV:  9    Int: 10    God:
Gold:   18         SH:  0    Dex: 13    Spells: 1/1 levels left

rFire   . . .      SeeInvis +    a - +0 rapier
rCold   . . .      Faith    .    (no shield)
rNeg    . . .      Spirit   .    b - +0 scale mail
rPois   .          Reflect  .    (no helmet)
rElec   .          Harm     .    (no cloak)
rCorr   .          Rampage  .    (no gloves)
Will    .....                    (no boots)
Stlth   ..........               (no amulet)
HPRegen 0.43/turn                (no ring)
MPRegen 0.08/turn                (no ring)

@: healing quickly
A: alive, fangs 3, see invisible, vampiric 1
a: Exsanguinate


You were on level 1 of the Dungeon.
You visited 1 branch of the dungeon, and saw 1 of its levels.

You collected 18 gold pieces.

Inventory:

Hand Weapons
 a - a +0 rapier (weapon)
Armour
 b - a +0 scale mail (worn)
 c - a +0 buckler
Scrolls
 f - a scroll of fear {unknown}
Potions
 d - a potion of might
 e - a potion of mutation {unknown}


   Skills:
 + Level 2.8 Fighting
 * Level 2.5 Short Blades
 + Level 2.5 Armour
 * Level 0.9 Dodging
 - Level 2.7 Shields


You had one spell level left.
You didn't know any spells.
Your spell library was empty.

Dungeon Overview and Level Annotations

Branches:
Dungeon (1/15)

Altars:


Innate Abilities, Weirdness & Mutations

Your natural rate of healing is accelerated.
You have razor-sharp teeth.
You have supernaturally acute eyesight. (SInv)
You are afflicted with vampirism.


Message History

No target in view!
No target in view!
No target in view!
No target in view!
No target in view!
No target in view!
No target in view!
No target in view!
No target in view!
No target in view!
No target in view!
No target in view!
No target in view!
No target in view!
No target in view!
There is a stone staircase leading down here.
f - a scroll labelled GAPLAO GOUFIUS You now have 18 gold pieces (gained 9).
A bat comes into view.
A bat is nearby!
The bat hits you but does no damage.
You barely miss the bat. The bat closely misses you.
You closely miss the bat. The bat hits you.
The bat hits you but does no damage.
You closely miss the bat. The bat hits you but does no damage.
You miss the bat. Your bite misses the bat. The bat completely misses you.
The bat hits you but does no damage. The bat hits you but does no damage.
The bat hits you but does no damage.
You barely miss the bat. You bite the bat.
The bat is severely wounded.
The bat hits you but does no damage. The bat barely misses you.
The bat hits you but does no damage. The bat misses you.
You barely miss the bat.
The bat is moderately wounded.
The bat completely misses you. The bat hits you but does no damage.
The bat misses you.
Are you sure you want to abandon this character and quit the game? (Confirm with "yes".)

##.##.# #....
#.....# #...P
#..#### #..P~
#..# #.P~≈ #..#
#P~≈≈ #..#
####..#####
#######...b.....#
#.......@..######
#.#####.##.#
#.##.# .....#
#####.# #.# ###


You could see a bat.

Vanquished Creatures
  A dart slug (D:1)
  2 ball pythons (D:1)
  A bat (D:1)
  2 endoplasms (D:1)
  2 hobgoblins (D:1)
  A kobold (D:1)
9 creatures vanquished.

Notes
Turn   | Place    | Note
-------+----------+-------------------------------------------
     0 | D:1      | LutherGrant the Vampire Fighter began the quest for the
                  | Orb.
     0 | D:1      | Reached XP level 1. HP: 17/17 MP: 1/1
   148 | D:1      | Reached XP level 2. HP: 23/23 MP: 2/2
   284 | D:1      | Quit the game

Illustrated notes

Levels and vault maps discovered:
D:1:      eino_arrival_druids_welcome, layout_basic, basic_ecumenical_altar

Action                   || total
-------------------------++-------
Melee: Rapier            ||    40
       Bite              ||     3
       Punch             ||     1
Armor: Scale mail        ||    19
Dodge: Dodged            ||    18
Block: Buckler           ||     1

Table legend: (Time is in decaauts)
 A = Elapsed time spent in this place.
 B = Non-inter-level travel time spent in this place.
 C = Inter-level travel time spent in this place.
 D = Time resting spent in this place.
 E = Time spent auto-exploring this place.
 F = Levels seen in this place.
 G = Mean time per level.
                   A        B        C        D        E       F      G
               +--------+--------+--------+--------+--------+-----+--------+
         Total |    286 |    286 |      0 |      0 |    193 |   1 |  286.0 |
       Dungeon |    286 |    286 |      0 |      0 |    193 |   1 |  286.0 |
               +--------+--------+--------+--------+--------+-----+--------+

Top non-repeatable levels by time:
     D:1: 286 daAuts
